 Dungeon Crawl Stone Soup version 0.31-a0-408-gb642c7f9a3 (webtiles) character file.

Game seed: 12761793761750529957

32712 floatRand the Brawler (level 13, -11/80 HPs)
             Began as a Yellow Draconian Shapeshifter on July 29, 2023.
             Was a Priest of Ru.
             Mangled by a komodo dragon (14 damage)
             ... on level 3 of the Lair of Beasts.
             The game lasted 00:21:30 (18777 turns).

floatRand the Brawler (DrSh)                       Turns: 18777, Time: 00:21:31

Health: -11/80     AC: 19    Str: 17    XL:     13   Next: 32%
Magic:  13/13      EV: 15    Int: 10    God:    Ru [***...]
Gold:   1935       SH:  0    Dex: 16    Spells: 8/12 levels left

rFire   . .          .
                       - Unarmed
rCold   . . .        (shield currently unavailable)
rNeg    . . .        (body armour unavailable)
rPois   .            (helmet restricted)
rElec   .            H - +2 cloak of the Thief {*Fog Slay-2 SInv Stlth+}
rCorr   +            (gloves currently unavailable)
SInv    +            (no boots)
Will    .....        (no amulet)
Stlth   ++++         h - +4 ring of protection
HPRegen 0.33/turn    A - +4 ring of protection
MPRegen 0.13/turn

%: no passive effects
@: blade hands, hasted, studying Shapeshifting, very quick
A: spit acid, AC +8, unfitting armour, frail 1, cold-blooded, unskilled 1, acid
resistance
a: Breathe Acid, Begin Untransformation, Renounce Religion, Draw Out Power


You were on level 3 of the Lair of Beasts.
You worshipped Ru.
Ru was most pleased with you.
You had blades for hands.
You visited 3 branches of the dungeon, and saw 15 of its levels.
You also visited: Sewer and Volcano.

You collected 1935 gold pieces.

Inventory:

Missiles
 x - a throwing net
Armour
 l - a +1 pair of gloves
 n - the +3 hat of Pondering {ponderous, Will+ MP+10 Int+5}
   (You found it on level 5 of the Dungeon)

   Int:       It affects your intelligence (+5).
   MP:        It affects your magic capacity (+10).
   Will:      It increases your willpower.
 H - the +2 cloak of the Thief (worn) {*Fog Slay-2 SInv Stlth+}
   (You found it in a volcano)

   *Fog:      It may release a thick cloud of smoke when the wearer is hurt.
   Slay:      It affects your accuracy & damage with ranged weapons and melee
   (-2).
   SInv:      It lets you see invisible.
   Stlth:     It makes you more stealthy.
Jewellery
 h - a +4 ring of protection (left blade hand)
 w - a ring of protection from cold
 z - a ring of fire
 A - a +4 ring of protection (right blade hand)
 B - a +4 ring of slaying
Talismans
 b - a beast talisman
 s - a blade talisman
Wands
 v - a wand of flame (7)
 E - a wand of polymorph (6)
 F - a wand of light (12)
 L - a wand of mindburst (21)
 M - a wand of digging (7)
Scrolls
 c - 2 scrolls of enchant armour
 d - 8 scrolls of teleportation
 g - 3 scrolls of fog
 j - a scroll of revelation
 k - 4 scrolls of immolation {unknown}
 o - a scroll of amnesia {unknown}
 t - 2 scrolls of fear {unknown}
 y - a scroll of brand weapon {unknown}
 D - 3 scrolls of enchant weapon
 G - 2 scrolls of poison
 I - a scroll of silence {unknown}
 K - a scroll of vulnerability
Potions
 a - a potion of magic
 e - 7 potions of resistance
 f - 8 potions of enlightenment
 i - 2 potions of might
 m - 3 potions of curing
 p - 3 potions of brilliance
 q - 4 potions of mutation
 r - a potion of haste
 u - 2 potions of invisibility
 C - 2 potions of attraction
 J - a potion of cancellation


   Skills:
 - Level 1.0 Fighting
 + Level 6.2 Dodging
 - Level 6.2 Stealth
 * Level 15.7 Unarmed Combat
 + Level 13.2 Shapeshifting


You had 8 spell levels left.
You knew the following spells:

 Your Spells              Type           Power      Damage    Failure   Level
a - Manifold Assault      Tloc           0%         N/A       100%        4

Your spell library contained the following spells:

 Spells                   Type           Power      Damage    Failure   Level
 Lesser Beckoning         Tloc           0%         N/A       87%         2
 Gell's Gravitas          Tloc           0%         N/A       97%         3
 Stone Arrow              Conj/Erth      0%         3d7       97%         3
 Teleport Other           Tloc           0%         N/A       97%         3
 Tukima's Dance           Hex            0%         N/A       97%         3
 Vhi's Electric Charge    Tloc/Air       0%         N/A       97%         3
 Passage of Golubria      Tloc           0%         N/A       100%        4
 Arcjolt                  Conj/Air       0%         1d10      100%        5
 Yara's Violent Unravell  Hex/Tmut       0%         3d3       100%        5
 Dispersal                Tloc           0%         N/A       100%        6
 Plasma Beam              Fire/Air       0%         2x1d10    100%        6
 Disjunction              Tloc           0%         N/A       100%        8
 Lehudib's Crystal Spear  Conj/Erth      0%         10d2      100%        8
 Animate Armour           Summ/Erth      Unusable   N/A       N/A         4

Dungeon Overview and Level Annotations

Branches:
Dungeon (11/15)            Temple (1/1) D:6            Lair (3/5) D:11
  Swamp (0/4) Lair:2          Orc (0/2) D:11          Sewer (visited)
Volcano (visited)
  Snake: Lair:2-3    Spider: Lair:2-3

Altars:
Ashenzari
Cheibriados
Dithmenos
Elyvilon
Fedhas
Gozag
Hepliaklqana
Kikubaaqudgha
Makhleb
Nemelex Xobeh
Okawaru
Qazlal
Ru
Sif Muna
Trog
Uskayaw
Vehumet
Wu Jian
Xom
Yredelemnul
Zin
The Shining One

Annotations:
D:7 3 runed translucent doors, Sapher's ghost, weakling SpDe
D:9 exclusion: obsidian statue


Innate Abilities, Weirdness & Mutations

You have blades for hands.
Your spellcasting is less reliable in this form.
You are incapable of wielding weapons or throwing items.
You can spit globs of acid.
Your golden yellow scales are hard. (AC +8)
You cannot fit into any form of body armour.
You are frail. (-10% HP)
You are cold-blooded and may be slowed by cold attacks.
You are somewhat unskilled. (-1 Apt)
You are resistant to acid. (rCorr)


Message History

The komodo dragon misses you.
You shred the polar bear!!! You tail-slap the polar bear.
The polar bear is almost dead.
The komodo dragon bites you.
The polar bear goes berserk!
The komodo dragon bites you but does no damage.
Unknown command.
You barely miss the polar bear.
You tail-slap the polar bear, but do no damage.
The polar bear is almost dead.
The polar bear bites you but does no damage.
The polar bear barely misses you. x2; The komodo dragon barely misses you.
Unknown command.
You slash the polar bear!
You kill the polar bear!
The komodo dragon bites you!
With a swish of your cloak, you release a cloud of fog.
The komodo dragon misses you.
You are too injured to fight recklessly!
You are too injured to fight recklessly!
Unknown command.
The komodo dragon attacks as you move away!
The komodo dragon bites you but does no damage.
You are too injured to fight recklessly!
You slice the komodo dragon!!
The komodo dragon is heavily wounded.
Unknown command.
The komodo dragon attacks as you move away!
The komodo dragon bites you!
* * * LOW HITPOINT WARNING * * *
Unknown command.
You closely miss the komodo dragon.
You tail-slap the komodo dragon, but do no damage.
You slash the komodo dragon.
The komodo dragon is severely wounded.
The komodo dragon bites you!!
* * * LOW HITPOINT WARNING * * *
Unknown command.
Okay, then.
You feel yourself speed up. The komodo dragon bites you!
You die...

#.# ##########
...#..##
.#.##..P.#
.....P#
.#.#.....#
......# #
.......P.##
..... .#
##.P###...#
....#.# ####
##.### #§.§.
#.†.# #§.##
##..## ##@§§#
##..###l#l§#.#..
#...§§§§§§....P
##..§§§§§§#....
##..§§§§§P....
#............
##.....P.....
###....#!#..
#....##.#.


You could see 2 komodo dragons.

Vanquished Creatures
  A fire dragon (Volcano)
  2 two-headed ogres (D:10)
  Nergalle (Lair:3)
  3 bog bodies (Lair:2)
  Pikel (D:7)
  4 lindwurms (Volcano)
  5 elephants (Lair:1)
  2 black mambas
  A smoke demon (Volcano)
  An unseen horror (D:11)
  A gargoyle (D:11)
  6 cane toads
  3 komodo dragons
  Maggie (D:9)
  3 trolls
  2 polar bears (Lair:3)
  Prince Ribbit (D:9)
  A hornet (D:9)
  16 blink frogs
  5 dream sheep (Lair:3)
  5 shadows
  A vampire (D:10)
  5 basilisks
  4 wyverns
  2 wraiths (D:10)
  45 yaks
  Grum (D:11)
  2 steam dragons (Volcano)
  A swamp worm (Lair:2)
  An acid dragon (D:11)
  11 water moccasins
  4 hell hounds (Volcano)
  7 orc warriors
  A sky beast (D:7)
  2 ice beasts (D:7)
  2 black bears
  3 ogres
  5 wolves
  A phantom (D:6)
  7 centaurs
  A kobold brigand (D:9)
  10 bullfrogs
  A gnoll sergeant (D:10)
  A scorpion (D:4)
  A wight (D:7)
  8 killer bees
  4 howler monkeys
  3 electric eels
  3 orc priests
  A jelly (D:6)
  4 iguanas (D:5)
  A sleepcap (D:5)
  15 orc wizards
  A mummy (D:8)
  9 gnolls
  2 river rats (Sewer)
  5 adders
  A shadow imp (D:7)
  An ufetubus (D:4)
  6 worms
  3 dart slugs
  49 orcs
  11 ball pythons
  7 bats
  5 endoplasms
  10 giant cockroaches
  12 goblins
  6 hobgoblins
  2 jackals (Sewer)
  9 kobolds
  2 quokkas
  7 frilled lizards
  5 rats
  A spectral kobold (D:4)
377 creatures vanquished.

Notes
Turn   | Place    | Note
-------+----------+-------------------------------------------
     0 | D:1      | floatRand the Draconian Shapeshifter began the quest for
                  | the Orb.
     0 | D:1      | Reached XP level 1. HP: 16/16 MP: 1/1
   106 | D:1      | Reached XP level 2. HP: 23/23 MP: 2/2
   356 | D:1      | Found a faded altar of an unknown god.
   826 | D:2      | Reached XP level 3. HP: 28/28 MP: 3/3
  1092 | D:2      | Reached skill level 4 in Unarmed Combat
  1591 | D:3      | Reached XP level 4. HP: 35/35 MP: 4/4
  1784 | D:3      | Found a glowing drain.
  1836 | Sewer    | Entered a sewer
  2353 | Sewer    | Reached skill level 5 in Unarmed Combat
  2358 | Sewer    | Reached XP level 5. HP: 20/40 MP: 5/5
  2817 | D:4      | Identified the +10 plate armour "Ucaes" {rElec rF- Int+4
                  | Dex+2}
  3099 | D:4      | Reached XP level 6. HP: 47/47 MP: 6/6
  3174 | D:4      | Found a hazy altar of Hepliaklqana.
  3285 | D:4      | Found a hide-covered altar of Uskayaw.
  3377 | D:4      | Identified a scroll of acquirement
  3377 | D:4      | Acquired a manual of Shapeshifting
  3392 | D:5      | Entered Level 5 of the Dungeon
  3436 | D:5      | Reached skill level 6 in Unarmed Combat
  3572 | D:5      | Reached skill level 5 in Shapeshifting
  3572 | D:5      | Your scales start taking on a golden yellow colour.
  3572 | D:5      | Reached XP level 7. HP: 28/52 MP: 7/7
  3572 | D:5      | Gained mutation: You are resistant to acid. (rCorr) [Yellow
                  | Draconian growth]
  3578 | D:5      | Reached skill level 7 in Unarmed Combat
  4262 | D:5      | Found the +3 hat of Pondering {ponderous, Will+ MP+10
                  | Int+5}
  4554 | D:6      | Found an iron altar of Okawaru.
  4622 | D:6      | Found a staircase to the Ecumenical Temple.
  4684 | D:6      | Reached skill level 8 in Unarmed Combat
  4692 | Temple   | Entered the Ecumenical Temple
  4756 | D:6      | Reached XP level 8. HP: 59/59 MP: 8/8
  4852 | D:6      | Found Korah's Jewellery Boutique.
  5438 | D:7      | Reached skill level 9 in Unarmed Combat
  5506 | D:7      | Noticed Sapher's ghost (weakling SpDe)
  5780 | D:7      | Found a runed translucent gate.
  5786 | D:7      | Noticed Pikel
  5812 | D:7      | Killed Pikel
  5813 | D:7      | Reached skill level 10 in Unarmed Combat
  5813 | D:7      | Reached XP level 9. HP: 46/64 MP: 9/9
  5885 | D:7      | Found a runed translucent gate.
  5886 | D:7      | Found a runed translucent gate.
  5920 | D:7      | Found a white marble altar of Elyvilon.
  5960 | D:7      | Found a radiant altar of Vehumet.
  6118 | D:7      | Found a basalt altar of Yredelemnul.
  6486 | D:7      | Acquired a manual of Shapeshifting
  6567 | D:8      | Noticed a troll
  6574 | D:8      | Killed a troll
  6875 | D:8      | Found a snail-covered altar of Cheibriados.
  6949 | D:8      | Identified the +9 sling "Worm's Wrath" {freeze, Stlth+}
  7019 | D:8      | Found an ornate altar of the Wu Jian Council.
  7715 | D:9      | Reached skill level 11 in Unarmed Combat
  7799 | D:9      | Noticed Prince Ribbit
  7805 | D:9      | Killed Prince Ribbit
  7994 | D:9      | Found an ancient bone altar of Kikubaaqudgha.
  8057 | D:9      | Found a shadowy altar of Dithmenos.
  8060 | D:9      | Reached skill level 12 in Unarmed Combat
  8072 | D:9      | Reached skill level 10 in Shapeshifting
  8132 | D:9      | Reached XP level 10. HP: 71/71 MP: 10/10
  8151 | D:9      | Noticed Maggie
  8163 | D:9      | Killed Maggie
  8251 | D:9      | Noticed an obsidian statue
  9066 | D:9      | Acquired 774 gold pieces
  9081 | D:9      | Learned a level 4 spell: Manifold Assault
  9190 | D:10     | Entered Level 10 of the Dungeon
  9190 | D:10     | Noticed a two-headed ogre
  9733 | D:10     | Noticed a two-headed ogre
  9741 | D:10     | Killed a two-headed ogre
  9742 | D:10     | Reached skill level 13 in Unarmed Combat
 10079 | D:10     | Found a bloodstained altar of Trog.
 10203 | D:10     | Found a blossoming altar of Fedhas.
 10648 | D:10     | Found a glowing silver altar of Zin.
 10652 | D:10     | Found a sacrificial altar of Ru.
 10657 | D:10     | Became a worshipper of Ru the Awakened
 11046 | D:10     | Killed a two-headed ogre
 11339 | D:11     | Found a staircase to the Orcish Mines.
 11361 | D:11     | Reached skill level 14 in Unarmed Combat
 11482 | D:11     | Reached XP level 11. HP: 77/77 MP: 11/11
 11553 | D:11     | Reached skill level 1 in Stealth
 12051 | D:11     | Found a staircase to the Lair.
 12251 | D:11     | Gained mutation: You are somewhat unskilled. (-1 Apt) [Ru
                  | sacrifice]
 12251 | D:11     | Reduced skill Unarmed Combat to level 13
 12251 | D:11     | Reached * piety under Ru
 12261 | D:11     | Noticed a two-headed ogre
 12549 | D:11     | Noticed Grum
 12557 | D:11     | Killed Grum
 12933 | Lair:1   | Entered Level 1 of the Lair of Beasts
 13502 | Lair:1   | HP: 5/115 [yak (3)]
 13567 | Lair:1   | Found a dark tunnel.
 13574 | Volcano  | Entered a volcano
 14046 | Volcano  | Noticed a lindwurm
 14053 | Volcano  | Killed a lindwurm
 14137 | Volcano  | Noticed a lindwurm
 14149 | Volcano  | Killed a lindwurm
 14246 | Volcano  | Noticed a lindwurm
 14246 | Volcano  | Noticed a lindwurm
 14266 | Volcano  | Killed a lindwurm
 14435 | Volcano  | Killed a lindwurm
 14436 | Volcano  | Reached skill level 14 in Unarmed Combat
 14459 | Volcano  | Noticed a fire dragon
 14459 | Volcano  | Found the +2 cloak of the Thief {*Fog Slay-2 SInv Stlth+}
 14469 | Volcano  | Killed a fire dragon
 14470 | Volcano  | Reached XP level 12. HP: 40/83 MP: 12/12
 15812 | Lair:2   | Reached skill level 5 in Stealth
 15828 | Lair:2   | Reached skill level 5 in Dodging
 16334 | Lair:2   | Gained mutation: You are frail. (-10% HP) [Ru sacrifice]
 16334 | Lair:2   | Reached ** piety under Ru
 16334 | Lair:2   | Reached *** piety under Ru
 16500 | Lair:2   | Reached skill level 15 in Unarmed Combat
 17341 | Lair:2   | Reached XP level 13. HP: 80/80 MP: 13/13
 17813 | Lair:2   | Found a staircase to the Swamp.
 17990 | Lair:3   | Noticed Nergalle
 18410 | Lair:3   | Killed Nergalle
 18776 | Lair:3   | HP: 3/80 [komodo dragon (18)]
 18777 | Lair:3   | Mangled by a komodo dragon

Illustrated notes

Levels and vault maps discovered:
D:1:      lemuel_arrival_river_bridge, layout_rooms,
          nicolae_ecumenical_snake_handling, minmay_surrounded
D:2:      layout_basic, nicolae_figureground_pulse
D:3:      layout_loops_ring, cheibrodos_sewer_entry_drain
D:4:      layout_cave_pools, nicolae_hepliaklqana_monster_ancestors,
          nicolae_uskayaw_suspiria
D:5:      layout_cave_pods
D:6:      layout_loops_corners, old_standard_altar, temple_pool_b, serial_shops,
          nicolae_diamond_shop
D:7:      layout_basic, kennysheep_ying_yang, general_overflow_altar,
          gammafunk_ghost_icy, st_stairs_7, uniq_pikel
D:8:      layout_cave_pods, old_standard_altar, chei_slow_surprise
D:9:      layout_basic, kennysheep_little_box, mainiacjoe_overflow_chevrons,
          minivault_4, minivault_16, uniq_prince_ribbit1, uniq_maggie
D:10:     layout_layer_cave, minitemple, old_standard_altar,
          mainiacjoe_overflow_brackets
D:11:     layout_irregular_city, lair_entry_dummy, erik_orc_3, minivault_10,
          uniq_grum
Temple:   nicolae_temple_two_arcs
Lair:1:   layout_gridlike, lightli_volcano_entry_magma_tube, grunt_megastairs_5,
          lemuel_fruit_fields
Lair:2:   layout_loops_ring, nicolae_swamp_entry_splash_gauntlet,
          serial_bayou_shore_b
Lair:3:   layout_misc_corridors, spider_nest_entry_rubble, beast_lair_carwin_6,
          serial_bayou_shore_a, uniq_nergalle

Skill      XL: |  1  2  3  4  5  6  7  8  9 10 11 12 13 |
---------------+----------------------------------------+-----
Unarmed Combat | 4 5 6 8 10 12 14 14 15 | 15.7
Shapeshifting  | 4 5 6 8 10 11 12 13 | 13.2
Dodging        | 4 5 6 |  6.2
Stealth        | 3 5 6 |  6.2
Fighting       | |  1.0

Action                     |  1- 3 |  4- 6 |  7- 9 | 10-12 | 13-15 || total
---------------------------+-------+-------+-------+-------+-------++-------
  Melee: Unarmed           |   104 |   226 |   174 |   561 |   110 ||  1175
         Tailslap          |    12 |    25 |    23 |    74 |    18 ||   152
         Punch             |     1 |    10 |     9 |    44 |     6 ||    70
 Invoke: Sacrifice Skill   |       |       |       |     1 |       ||     1
         Sacrifice Health  |       |       |       |     1 |       ||     1
Ability: Breathe Acid      |       |       |    13 |     7 |       ||    20
    Use: Scroll            |     6 |     3 |     1 |    16 |       ||    26
         Potion            |       |       |       |     5 |     1 ||     6
   Stab: Sleeping          |       |     2 |     1 |     5 |     2 ||    10
         Distracted        |       |       |     2 |     1 |     1 ||     4
         Invisible         |       |       |       |       |     2 ||     2
 Armour: Skin              |    24 |   107 |    52 |   250 |    63 ||   496
  Dodge: Dodged            |    61 |   158 |    98 |   322 |    71 ||   710
   Form: Blade             |       |       |     1 |       |       ||     1

Table legend: (Time is in decaauts)
 A = Elapsed time spent in this place.
 B = Non-inter-level travel time spent in this place.
 C = Inter-level travel time spent in this place.
 D = Time resting spent in this place.
 E = Time spent auto-exploring this place.
 F = Levels seen in this place.
 G = Mean time per level.
                   A        B        C        D        E       F      G
               +--------+--------+--------+--------+--------+-----+--------+
         Total |  18705 |  18176 |    529 |   4751 |   9413 |  17 | 1100.3 |
       Dungeon |  12624 |  12137 |    487 |   2038 |   7963 |  11 | 1147.6 |
        Temple |     21 |     21 |      0 |      0 |      0 |   1 |   21.0 |
          Lair |   4286 |   4244 |     42 |   1749 |   1294 |   3 | 1428.7 |
         Sewer |    693 |    693 |      0 |    185 |    155 |   1 |  693.0 |
       Volcano |   1079 |   1079 |      0 |    776 |      0 |   1 | 1079.0 |
               +--------+--------+--------+--------+--------+-----+--------+

Top non-repeatable levels by time:
  Lair:2: 2237 daAuts
    D:11: 2014 daAuts
     D:9: 1914 daAuts
  Lair:1: 1672 daAuts
    D:10: 1649 daAuts
     D:7: 1165 daAuts
     D:5: 1084 daAuts
 Volcano: 1079 daAuts
     D:2: 997 daAuts
     D:6: 980 daAuts
     D:8: 944 daAuts
     D:3: 700 daAuts
   Sewer: 693 daAuts
     D:4: 604 daAuts
     D:1: 569 daAuts
